 Seeded DCSS version 0.29-a0-872-g797fff5ad1 (webtiles) character file.

Game seed: 8897551386731462229 (custom seed)

111 wilfster70 the Covered (level 5, -2/42 HPs)
             Began as a Formicid Fighter on July 18, 2022.
             Slain by a gnoll
             ... wielding a +2 halberd of venom
              (7 damage)
             ... on level 3 of the Dungeon.
             The game lasted 00:04:47 (1618 turns).

wilfster70 the Covered (Formicid Fighter)           Turns: 1618, Time: 00:04:47

Health: -2/42      AC: 18    Str: 24    XL:     5   Next: 15%
Magic:  5/5        EV: 21    Int: 13    God:
Gold:   195        SH:  5    Dex: 13    Spells: 4/4 levels left

rFire   . . .      SeeInvis +   a - +0 quarterstaff
rCold   . . .      Faith    .   c - +0 buckler
rNeg    . . .      Spirit   .   i - +0 plate armour
rPois   .          Reflect  .   (helmet unavailable)
rElec   .          Harm     .   (no cloak)
rCorr   .          Rampage  .   m - +1 pair of gloves "Four" {Fly Str+3 Int+4 Stlth-}
Will    .....                   (no boots)
Stlth   ..........              t - amulet of the acrobat
HPRegen 0.14/turn               n - +4 ring of protection
MPRegen 0.09/turn               (no ring)

@: lethally poisoned (-2 -> -6), acrobatic, flying
A: permanent stasis, dig shafts and tunnels, antennae 3, four strong arms
a: Dig, Shaft Self


You were on level 3 of the Dungeon.
You visited 1 branch of the dungeon, and saw 4 of its levels.

You collected 195 gold pieces.

Inventory:

Hand Weapons
 a - a +0 quarterstaff (weapon)
Missiles
 f - 2 javelins
Armour
 c - a +0 buckler (worn)
 h - a +0 pair of gloves
 i - a +0 plate armour (worn)
 m - the +1 pair of gloves "Four" (worn) {Fly Str+3 Int+4 Stlth-}
   (You acquired it on level 1 of the Dungeon)

   Str:       It affects your strength (+3).
   Int:       It affects your intelligence (+4).
   Fly:       It grants you flight.
   Stlth:     It makes you less stealthy.
Jewellery
 g - a ring of wizardry
 n - a +4 ring of protection (left hand)
 t - an amulet of the acrobat (around neck)
Scrolls
 b - 2 scrolls of noise {unknown}
 j - a scroll of magic mapping {unknown}
 k - 2 scrolls of poison {unknown}
 l - a scroll of enchant armour {unknown}
 o - 2 scrolls of teleportation {unknown}
 p - 2 scrolls of amnesia {unknown}
 q - a scroll of blinking {unknown}
 r - 3 scrolls of identify
 s - a scroll of vulnerability {unknown}
Potions
 d - a potion of might
 e - a potion of curing


   Skills:
 + Level 4.1 Fighting
 * Level 3.8 Staves
 + Level 4.1 Armour
 - Level 4.0 Shields


You had 4 spell levels left.
You didn't know any spells.
Your spell library contained the following spells:

 Spells                   Type           Power      Damage    Failure   Level
 Apportation              Tloc           0%         N/A       99%         1
 Necrotise                Necr           0%         1d4       99%         1
 Summon Small Mammal      Summ           0%         N/A       99%         1
 Ensorcelled Hibernation  Hex/Ice        0%         N/A       100%        2
 Passwall                 Tmut/Erth      0%         N/A       100%        2
 Swiftness                Air            Unusable   N/A       N/A         3

Dungeon Overview and Level Annotations

Branches:
Dungeon (4/15)
 Temple: D:4-7

Altars:
Makhleb


Innate Abilities, Weirdness & Mutations

You cannot be hasted, slowed, berserked, paralysed or teleported.
You can dig through walls and to a lower floor.
You have a pair of large antennae on your head. (SInv)
Your four strong arms can wield two-handed weapons with a shield.


Message History

There is a stone staircase leading up here.
You thump the gnoll!
The gnoll is almost dead.
The gnoll hits you but does no damage.
You sock the gnoll!
You kill the gnoll!
You can't go down here!
You fly upwards.
There is a stone staircase leading down here.
You block the gnoll's attack. The gnoll misses you.
The gnoll closely misses you. The gnoll completely misses you.
You hit the gnoll.
The gnoll is moderately wounded.
The gnoll barely misses you.
The gnoll hits you with a +2 halberd of venom!
You are poisoned.
You hit the gnoll but do no damage.
The gnoll is moderately wounded.
You feel extremely sick. The gnoll closely misses you.
The gnoll hits you with a +2 halberd of venom.
You barely miss the gnoll.
The gnoll is moderately wounded.
You feel very sick.
The gnoll hits you with a +1 halberd of protection.
* * * LOW HITPOINT WARNING * * *
The gnoll closely misses you. You block the gnoll's attack.
The gnoll hits you with a +1 halberd of protection!
* * * LOW HITPOINT WARNING * * *
You feel better. The gnoll hits you but does no damage.
The gnoll hits you with a +2 halberd of venom.
* * * LOW HITPOINT WARNING * * *
You are poisoned.
Okay, then.
Found a stone staircase leading up.
* * * LOW HITPOINT WARNING * * *
You feel sick. The gnoll closely misses you.
The gnoll hits you from afar with a +2 halberd of venom!
You die...

.. ...# #. #... (. ...#
#. # #..# #. #.####..#
#.######## . >..#..#
#.........
#.##.#..######.g########
#.#...<.........@..<....
#.............g.#######<
.....##########.# ####)#
#># #.# #.#
#.##########.#######
#........)).........
############.####### #.#


You could see 2 gnolls.

Vanquished Creatures
  A gnoll (D:4)
  5 adders (D:2)
  A worm (D:2)
  A dart slug (D:1)
  An orc (D:3)
  4 bats
  6 endoplasms
  2 giant cockroaches (D:2)
  2 goblins (D:2)
  5 hobgoblins
  4 jackals (D:1)
  6 kobolds
  3 ball pythons
  6 frilled lizards
47 creatures vanquished.

Notes
Turn   | Place    | Note
-------+----------+-------------------------------------------
     0 | D:1      | wilfster70 the Formicid Fighter began the quest for the
                  | Orb.
     0 | D:1      | Reached XP level 1. HP: 18/18 MP: 1/1
   133 | D:1      | Reached XP level 2. HP: 24/24 MP: 2/2
   247 | D:1      | Identified a scroll of acquirement
   247 | D:1      | Acquired a ring of wizardry
   480 | D:1      | Reached XP level 3. HP: 27/29 MP: 3/3
   544 | D:1      | Acquired the +1 pair of gloves "Four" {Fly Str+3 Int+4
                  | Stlth-}
   920 | D:2      | Reached XP level 4. HP: 37/37 MP: 4/4
  1252 | D:2      | Found a faded altar of an unknown god.
  1582 | D:3      | Reached XP level 5. HP: 42/42 MP: 5/5
  1606 | D:4      | Found a burning altar of Makhleb.
  1616 | D:3      | HP: 2/42 [gnoll/+1 halberd of protection (10)]
  1618 | D:3      | Slain by a gnoll

Illustrated notes

Levels and vault maps discovered:
D:1:      lemuel_arrival_behind_the_door_large, layout_basic, minivault_24,
          dreamdust_wishing_well, moated_statue, minmay_hedge_maze
D:2:      layout_basic, dreamdust_ecumenical_altar_grove, eino_tiny_chamber,
          minmay_joined_circles
D:3:      layout_loops_ring, bloody_trog, mainiacjoe_overflow_tiny_flanked,
          minmay_fractal_squares_gapless_5
D:4:      layout_basic, bloody_makhleb, lemuel_crystal_altar,
          gammafunk_temple_overflow_pools, grunt_temple_overflow_open,
          gammafunk_ghost_mausoleum

Skill      XL: |  1  2  3  4 |
---------------+-------------+-----
Staves         | 3 |  3.8
Fighting       | 4 |  4.1
Armour         | 4 |  4.1
Shields        | |  4.0

Action                   |  1- 3 |  4- 6 || total
-------------------------+-------+-------++-------
Melee: Quarterstaff      |    77 |    62 ||   139
  Use: Scroll            |     3 |       ||     3
       Potion            |       |     1 ||     1
Armor: Scale mail        |    25 |       ||    25
       Plate armour      |    24 |    41 ||    65
Dodge: Dodged            |    25 |    21 ||    46
Block: Buckler           |    17 |    11 ||    28

Table legend: (Time is in decaauts)
 A = Elapsed time spent in this place.
 B = Non-inter-level travel time spent in this place.
 C = Inter-level travel time spent in this place.
 D = Time resting spent in this place.
 E = Time spent auto-exploring this place.
 F = Levels seen in this place.
 G = Mean time per level.
                   A        B        C        D        E       F      G
               +--------+--------+--------+--------+--------+-----+--------+
         Total |   1642 |   1590 |     52 |    170 |    648 |   4 |  410.5 |
       Dungeon |   1642 |   1590 |     52 |    170 |    648 |   4 |  410.5 |
               +--------+--------+--------+--------+--------+-----+--------+

Top non-repeatable levels by time:
     D:2: 889 daAuts
     D:1: 697 daAuts
     D:3: 51 daAuts
     D:4: 4 daAuts
